 Dungeon Crawl Stone Soup version 0.18.1-5-g4a78601 (webtiles) character file.

37 GreamJoe the Chopper (level 3, 0/33 HPs)
             Began as a Hill Orc Berserker on May 13, 2016.
             Was a Follower of Trog.
             Succumbed to an adder's poison
             ... on level 1 of the Dungeon.
             The game lasted 00:04:39 (1059 turns).

GreamJoe the Chopper (Hill Orc Berserker)           Turns: 1059, Time: 00:04:39

Health: 0/33       AC:  3    Str: 20    XL:     3   Next: 39%
Magic:  3/3        EV: 11    Int:  7    God:    Trog [*.....]
Gold:   13         SH:  3    Dex: 10    Spells: 0 memorised, 2 levels left

rFire  . . .     SeeInvis .     a - +0 hand axe
rCold  . . .     Gourm    .     b - +0 animal skin
rNeg   . . .     Faith    .     e - +0 buckler
rPois  .         Spirit   .     (no helmet)
rElec  .         Dismiss  .     o - +0 cloak
rCorr  .         Reflect  .     (no gloves)
SustAt .         Harm     .     (no boots)
MR     .....                    (no amulet)
Stlth  +.........               (no ring)
                                (no ring)

@: lethally poisoned (0 -> -6), not resistant to hostile enchantments, very
unstealthy
A: no striking features
a: Berserk, Burn Spellbooks, Renounce Religion


You were on level 1 of the Dungeon.
You worshipped Trog.
Trog was aware of your devotion.
You were not hungry.

You visited 1 branch of the dungeon, and saw 1 of its levels.

You collected 13 gold pieces.

Inventory:

Hand Weapons
 a - a +0 hand axe (weapon)
 k - a +0 spear
Missiles
 c - 14 poisoned needles
Armour
 b - a +0 animal skin (worn)
 e - a +0 buckler (worn)
 n - a +0 robe
 o - a +0 cloak (worn)
Scrolls
 d - 2 scrolls of enchant weapon {unknown}
 g - a scroll of identify {unknown}
 h - a scroll of random uselessness {unknown}
 l - a scroll of recharging {unknown}
 m - a scroll of blinking {unknown}
 q - a scroll of remove curse {unknown}
Potions
 i - a potion of haste {unknown}
 j - a potion of flight {unknown}
 p - 2 potions of heal wounds {unknown}
 r - a potion of lignification {unknown}
Comestibles
 f - a bread ration


   Skills:
 + Level 4.2 Fighting
 + Level 4.9 Axes
 + Level 2.1 Armour
 + Level 1.9 Dodging
 + Level 0.1 Stealth


You had 2 spell levels left.
You didn't know any spells.

Dungeon Overview and Level Annotations

Branches:
Dungeon (1/15)

Altars:


Message History

* * * LOW HITPOINT WARNING * * *
You closely miss the hobgoblin.
* * * LOW HITPOINT WARNING * * *
You feel sick. The hobgoblin closely misses you.
You closely miss the hobgoblin.
* * * LOW HITPOINT WARNING * * *
You feel sick. The hobgoblin misses you.
You hit the hobgoblin but do no damage.
* * * LOW HITPOINT WARNING * * *
You feel sick. The hobgoblin hits you with a club.
* * * LOW HITPOINT WARNING * * *
Unknown command.
You barely miss the hobgoblin.
* * * LOW HITPOINT WARNING * * *
You feel sick. The hobgoblin closely misses you.
You barely miss the hobgoblin.
The hobgoblin hits you but does no damage.
You hit the hobgoblin.
The hobgoblin is severely wounded.
You die...

# #.#.##.....#.#.# ##
#########...##.....#.#.# #.
#......#######.....#.#.# #.
#......# #.....#'#'###### #.
.......#######..............# #.
†...........................# #.
............................# #.
..#'#'####.##...g...........####.
..#.#.# # #...@.)..............
..#...# .##..#####.............
..##### #.##...........#..######
....## #.##...........#..# ###
.....## #.##...####....#..# #..
..#...## #.##...#.......#..# #..
..##...###.##...#.###...#..# #..
...##...##..#...#.###...#..####..
##.###......#....................


You could see a hobgoblin.

Vanquished Creatures
  An adder (D:1)
  An ooze (D:1)
  A dart slug (D:1)
  3 giant geckos (D:1)
  3 bats (D:1)
  5 goblins (D:1)
  2 hobgoblins (D:1)
  A ball python (D:1)
  A rat (D:1)
18 creatures vanquished.

Notes
Turn   | Place    | Note
--------------------------------------------------------------
     0 | D:1      | GreamJoe the Hill Orc Berserker began the quest for the Orb.
     0 | D:1      | Reached XP level 1. HP: 19/19 MP: 1/1
    37 | D:1      | Reached XP level 2. HP: 4/27 MP: 2/2
   887 | D:1      | Reached XP level 3. HP: 33/33 MP: 3/3
  1057 | D:1      | HP: 1/33 [poisoned by an adder]
  1059 | D:1      | Succumbed to an adder's poison

Skill      XL: |  1  2 |
---------------+-------+-----
Fighting       | 4 |  4.2
Axes           | |  4.9
Armour         | |  2.1
Dodging        | |  1.9
Stealth        | |  0.1

Action                   || total
-------------------------++-------
Melee: Hand axe          ||    54
  Use: Potion            ||     2
  Eat: Bread ration      ||     1
Armor: Animal skin       ||    20
Dodge: Dodged            ||    50
Block: Buckler           ||     4
